AoeStats
← gazza17

MegaRandom

513252255Analyzed
4v4 RM · 3d ago on Oct 12, 2026· 69m 23s· 8 players
Game mode
Random Map
Map size
Large (8 player)
Population
200
Speed
Normal
Resources
Standard
Victory
Conquest
Starting age
Dark Age
Ending age
Imperial Age
RankedLock teamsTeams togetherTeam positionsShared explorationLock speedFull tech treeHidden civsTurbo modeCheats
Victory
Defeat
🇧🇷 Koreans · Brazil
956
+15
🇨🇦 Bulgarians · Canada
956
+15
🇬🇧 Britons · United Kingdom
948
+15
🇵🇪 Franks · Peru
940
+15
vs
🇦🇷 Magyars · Argentina
1014
-18
🇩🇰 Spanish · Denmark
917
-15
🇦🇺 Italians · Australia
912
-14
🇹🇷 Franks · Türkiye
874
-13
Jota
0:30 Loom
12:31 Feudal Age
21:16 Castle Age
19:24 Stone Mining
19:45 Gold Mining
19:59 Double-Bit Axe
23:57 Forging
23:53 Scale Barding Armor
25:16 Iron Casting
26:02 Chain Barding Armor
32:55 Imperial Age
32:02 Town Watch
33:50 Wheelbarrow
32:59 Cavalier
33:42 Husbandry
34:32 Bow Saw
35:19 Gold Shaft Mining
35:16 Hand Cart
35:36 Paladin
36:53 Conscription
36:30 Ordonnance Companies
38:36 Elite Throwing Axeman
39:59 Plate Barding Armor
40:39 Blast Furnace
41:28 Scale Mail Armor
42:52 Caravan
51:01 Chain Mail Armor
51:06 Light Cavalry
67:14 Spies/Treason
linomiotto
11:28 Feudal Age
14:15 Double-Bit Axe
18:31 Castle Age
16:33 Horse Collar
18:29 Loom
19:27 Wheelbarrow
19:33 Squires
26:22 Hand Cart
27:57 Heavy Plow
29:46 Gold Mining
30:35 Bow Saw
34:22 Imperial Age
32:29 Arson
33:49 Gold Shaft Mining
34:26 Town Watch
34:59 Forging
34:49 Scale Mail Armor
35:56 Conscription
36:24 Iron Casting
35:50 Scale Mail Armor
35:41 Fletching
37:13 Two-Man Saw
38:05 Chain Mail Armor
37:51 Bodkin Arrow
38:38 Town Patrol
39:02 Eupseong
40:01 Ballistics
40:43 Chemistry
41:00 Elite Fire Lancer
41:24 Elite War Wagon
42:06 Murder Holes
41:52 Treadmill Crane
42:48 Plate Mail Armor
42:19 Bracer
42:26 Scale Barding Armor
43:21 Pikeman
44:27 Shinkichon
48:41 Caravan
49:13 Coinage
49:50 Halberdier
51:42 Siege Engineers
59:13 Masonry
58:49 Arrowslits
66:19 Spies/Treason
gazza17
7:49 Loom
10:29 Feudal Age
17:48 Horse Collar
17:55 Double-Bit Axe
21:00 Castle Age
18:53 Gold Mining
18:58 Fletching
20:20 Padded Archer Armor
22:01 Bodkin Arrow
22:21 Leather Archer Armor
22:38 Crossbowman
24:06 Heavy Plow
28:25 Ballistics
30:38 Wheelbarrow
36:34 Imperial Age
35:46 Hand Cart
36:32 Bow Saw
38:32 Conscription
38:20 Bracer
38:50 Ring Archer Armor
40:06 Chemistry
40:28 Town Watch
40:48 Elite Longbowman
41:49 Yeomen
43:19 Scale Mail Armor
43:30 Forging
43:36 Man-at-Arms
44:38 Chain Mail Armor
44:59 Iron Casting
47:17 Treadmill Crane
47:49 Masonry
47:47 Long Swordsman
49:05 Plate Mail Armor
49:35 Blast Furnace
49:25 Caravan
51:21 Two-Man Saw
66:18 Spies/Treason
Archer Shepard
6:43 Loom
11:14 Feudal Age
16:34 Castle Age
14:31 Horse Collar
23:24 Town Watch
25:06 Double-Bit Axe
26:20 Stone Mining
26:20 Gold Mining
31:16 Wheelbarrow
35:09 Imperial Age
34:46 Bow Saw
35:12 Scale Barding Armor
35:18 Forging
38:18 Conscription
37:56 Stirrups
39:56 Iron Casting
39:42 Chain Barding Armor
42:13 Plate Barding Armor
42:39 Blast Furnace
41:56 Elite Konnik
44:44 Caravan
47:12 Husbandry
47:22 Bloodlines
49:42 Heavy Plow
50:05 Masonry
53:16 Scale Mail Armor
54:36 Hand Cart
60:37 Chemistry
59:58 Ballistics
59:34 Fletching
59:45 Padded Archer Armor
66:46 Coinage
66:48 Architecture
66:15 Murder Holes
66:25 Siege Engineers
66:31 Careening
66:31 Clinker Construction
66:12 Heated Shot
66:12 Guard Tower
sellack
0:41 Loom
12:11 Feudal Age
12:56 Double-Bit Axe
18:32 Castle Age
20:13 Bow Saw
21:30 Gold Mining
26:51 Wheelbarrow
33:04 Imperial Age
30:32 Town Watch
34:22 Husbandry
34:55 Hand Cart
37:26 Stone Mining
38:38 Two-Man Saw
37:50 Horse Collar
38:45 Heavy Plow
39:56 Bloodlines
40:59 Fervor
41:11 Sanctity
41:07 Block Printing
40:31 Cavalier
44:21 Caravan
43:48 Light Cavalry
45:08 Paladin
48:39 Stone Shaft Mining
48:19 Forging
48:14 Scale Barding Armor
48:09 Scale Mail Armor
48:00 Fletching
48:10 Padded Archer Armor
48:56 Padded Archer Armor
48:49 Hussar
Fro!
7:38 Loom
9:57 Feudal Age
13:51 Double-Bit Axe
19:08 Castle Age
28:06 Bow Saw
28:02 Gold Mining
28:06 Stone Mining
29:42 Town Watch
30:33 Wheelbarrow
30:50 Corvinian Army
31:01 Scale Barding Armor
31:00 Horse Collar
35:58 Chain Barding Armor
39:43 Imperial Age
39:23 Gold Shaft Mining
39:34 Caravan
41:42 Chemistry
40:03 Onager
40:15 Elite Magyar Huszar
41:29 Conscription
42:44 Plate Barding Armor
47:52 Siege Engineers
Angry Womble
12:06 Feudal Age
15:52 Castle Age
15:13 Stone Mining
25:07 Gold Mining
28:47 Imperial Age
27:20 Fletching
27:31 Padded Archer Armor
28:16 Bodkin Arrow
31:53 Ballistics
32:33 Chemistry
33:08 Pirotechnia
33:19 Conscription
32:21 Elite Genoese Crossbowman
33:15 Double-Bit Axe
37:46 Wheelbarrow
37:25 Bow Saw
40:38 Horse Collar
42:57 Heavy Plow
yurigagarin
0:31 Loom
13:48 Feudal Age
15:42 Man-at-Arms
21:00 Castle Age
34:00 Double-Bit Axe
34:18 Gold Mining
34:21 Stone Mining
35:09 Bow Saw
37:46 Scale Barding Armor
39:13 Wheelbarrow
41:10 Imperial Age
39:02 Chain Barding Armor
39:26 Gold Shaft Mining
39:26 Caravan
40:34 Forging
40:24 Scale Mail Armor
41:24 Hand Cart
41:51 Iron Casting
41:17 Cavalier
41:58 Husbandry
43:24 Capped Ram
43:32 Paladin
47:20 Chivalry
47:59 Elite Throwing Axeman
49:02 Conscription
52:12 Plate Barding Armor
52:39 Blast Furnace
51:54 Chain Mail Armor
Connection lost

Rejoining the realm…

Still unreachable

The connection could not be restored.

Session expired

The server has moved on; the page needs a fresh start.